 Dungeon Crawl Stone Soup version 0.31.0-10-gcf4a605ca0 (webtiles) character file.

Game seed: 6482247743548634916

865 monsoonserge the Slicer (level 8, 0/48 HPs)
             Began as a Kobold Monk on Jan 25, 2024.
             Was a Believer of Uskayaw.
             Slain by an orc priest
             ... wielding a +2 short sword of flaming
              (2 damage)
             ... on level 5 of the Dungeon.
             The game lasted 00:13:19 (4678 turns).

monsoonserge the Slicer (Kobold Monk)               Turns: 4678, Time: 00:13:21

Health: 0/48       AC:  7    Str:  6 (8)  XL:     8   Next: 23%
Magic:  17/17      EV: 15    Int: 11 (12) God:    Uskayaw [**....]
Gold:   301        SH:  0    Dex: 17 (19) Spells: 7/7 levels left

rFire   . . .        w - +2 dagger (venom)
rCold   . . .        (no shield)
rNeg    . . .        k - +0 leather armour
rPois   .            (no helmet)
rElec   .            (no cloak)
rCorr   .            (no gloves)
SInv    .            (no boots)
Will    .....        (no amulet)
Stlth   ++++         j - +4 ring of protection
HPRegen 0.28/turn    t - ring of magical power
MPRegen 0.15/turn

%: no passive effects
@: mighty, brilliant
A: small, no large weapons, nightstalker 3
a: Renounce Religion, Stomp, Line Pass


You were on level 5 of the Dungeon.
You worshipped Uskayaw.
Uskayaw was noncommittal.
You visited 2 branches of the dungeon, and saw 6 of its levels.

You collected 301 gold pieces.

Inventory:

Hand Weapons
 w - a +2 dagger of venom (weapon)
Missiles
 h - 7 poisoned darts (quivered)
 r - a throwing net
Armour
 d - an orb of light
 k - a +0 leather armour (worn)
Jewellery
 j - a +4 ring of protection (left hand)
 t - a ring of magical power (right hand)
Wands
 y - a wand of flame (17)
Scrolls
 e - 3 scrolls of identify {unknown}
 f - 4 scrolls of immolation {unknown}
 l - a scroll of vulnerability {unknown}
 o - 2 scrolls of blinking {unknown}
 q - a scroll of silence {unknown}
 x - a scroll of teleportation {unknown}
 A - a scroll of amnesia {unknown}
Potions
 a - a potion of brilliance
 b - a potion of curing {unknown}
 c - a potion of ambrosia
 g - a potion of berserk rage {unknown}
 i - a potion of attraction {unknown}
 m - 2 potions of might
 n - 2 potions of invisibility {unknown}
 p - 4 potions of degeneration
 s - 2 potions of heal wounds {unknown}
 u - a potion of haste {unknown}
 v - 2 potions of mutation {unknown}
 z - a potion of magic {unknown}


   Skills:
 + Level 4.4 Fighting
 * Level 8.5 Short Blades
 + Level 2.4 Armour
 + Level 4.7 Dodging
 + Level 5.9 Stealth
 * Level 0.4 Invocations


You had 7 spell levels left.
You didn't know any spells.
Your spell library contained the following spells:

 Spells                   Type           Power      Damage    Failure   Level
 Anguish                  Hex/Necr       0%         N/A       99%         4
 Cause Fear               Hex            0%         N/A       99%         4
 Enfeeble                 Hex            0%         N/A       100%        7


Dungeon Overview and Level Annotations

Branches:
Dungeon (5/15)             Temple (1/1) D:5

Altars:
Ashenzari
Cheibriados
Dithmenos
Elyvilon
Fedhas
Gozag
Hepliaklqana
Makhleb
Nemelex Xobeh
Okawaru
Qazlal
Ru
Sif Muna
Trog
Uskayaw
Wu Jian
Xom
The Shining One

Annotations:
D:5 Sigmund


Innate Abilities, Weirdness & Mutations

You are small and have problems with some larger weapons.
You are completely attuned to the shadows.


Message History

You can no longer pass through a line of other dancers.
You hit the orc but do no damage.
The orc is poisoned.
The orc misses you.
You hit the orc.
You kill the orc!
Sigmund says, "Don't worry, I'll kill you fast."
Sigmund hits you from afar with a +0 scythe.
You closely miss the orc priest.
The orc priest attacks as it pursues you!
The orc priest closely misses you.
You barely miss the orc priest.
The orc priest hits you with a +2 short sword of flaming.
The orc priest burns you.
You barely miss the orc priest. You hit the orc priest.
The orc priest is poisoned.
The orc priest is lightly wounded.
The orc priest mumbles some strange prayers to Beogh against you.
Beogh smites you!
* * * LOW HITPOINT WARNING * * *
You can now pass through a line of other dancers.
Unknown command.
It was a potion of might.
You feel very mighty all of a sudden.
Sigmund gestures wildly while chanting.
Sigmund flickers and vanishes!
Deactivating autopickup; reactivate with Ctrl-A.
The orc priest hits you with a +2 short sword of flaming.
* * * LOW HITPOINT WARNING * * *
The orc priest burns you.
* * * LOW HITPOINT WARNING * * *
It was a potion of degeneration.
There was something very wrong with that liquid.
You feel weakened.
You feel dopey.
You feel clumsy.
The orc priest hits you but does no damage.
It was a potion of brilliance.
You feel clever all of a sudden.
The orc priest looks satisfied for a moment.
The orc priest hits you with a +2 short sword of flaming.
* * * LOW HITPOINT WARNING * * *
The orc priest burns you.
You die...

####### #......
#.##### #.# #### #.#
#... #.# #
#...#############.# #
..h{oo@........##.## #
#..o#########.###..###
.... ..##.###....##
.... ..........####
...# .##..####...#8 #
#...#......##
#.#...#......##
##.#.#.#......#
..............##


You could see a black bear, 2 orc priests and an orc.

Vanquished Creatures
  An ice beast (D:4)
  A centaur (D:4)
  A phantom (D:5)
  A scorpion (D:5)
  3 killer bees (D:5)
  3 bombardier beetles
  An orc priest (D:3)
  3 iguanas (D:5)
  A sleepcap (D:4)
  An orc wizard (D:5)
  6 adders
  3 gnolls
  13 orcs
  7 endoplasms
  6 giant cockroaches
  7 goblins
  6 hobgoblins
  4 jackals (D:1)
  3 quokkas
  12 ball pythons
  5 bats
  5 frilled lizards
  7 kobolds
  4 rats
104 creatures vanquished.

Notes
Turn   | Place    | Note
-------+----------+-------------------------------------------
     0 | D:1      | monsoonserge the Kobold Monk began the quest for the Orb.
     0 | D:1      | Reached XP level 1. HP: 14/14 MP: 1/1
    89 | D:1      | Reached XP level 2. HP: 19/19 MP: 2/2
   206 | D:1      | Found a faded altar of an unknown god.
   361 | D:1      | Reached skill level 1 in Stealth
   361 | D:1      | Reached XP level 3. HP: 23/23 MP: 3/3
  1151 | D:2      | Reached skill level 5 in Short Blades
  1151 | D:2      | Reached XP level 4. HP: 19/29 MP: 4/4
  1656 | D:2      | Reached skill level 1 in Armour
  1656 | D:2      | Reached XP level 5. HP: 33/33 MP: 5/5
  1838 | D:2      | Found a bloodstained altar of Trog.
  2765 | D:3      | Reached skill level 6 in Short Blades
  3029 | D:4      | Reached XP level 6. HP: 38/38 MP: 6/6
  3374 | D:4      | Found a glowing golden altar of the Shining One.
  3633 | D:4      | Reached skill level 7 in Short Blades
  3633 | D:4      | Reached XP level 7. HP: 38/43 MP: 7/7
  3868 | D:5      | Entered Level 5 of the Dungeon
  4031 | D:5      | Reached skill level 5 in Stealth
  4143 | D:5      | Found a burning altar of Makhleb.
  4377 | D:5      | Reached skill level 8 in Short Blades
  4426 | D:5      | Reached XP level 8. HP: 38/48 MP: 8/8
  4481 | D:5      | Found a staircase to the Ecumenical Temple.
  4487 | Temple   | Entered the Ecumenical Temple
  4502 | Temple   | Became a worshipper of Uskayaw the Reveller
  4502 | Temple   | Reached * piety under Uskayaw
  4664 | D:5      | Reached ** piety under Uskayaw
  4665 | D:5      | Noticed Sigmund
  4678 | D:5      | HP: 2/48 [orc priest/+2 short sword of flaming (6)]
  4678 | D:5      | Slain by an orc priest

Illustrated notes

Levels and vault maps discovered:
D:1:      psy_arrival_heroes, layout_loops_ring, basic_ecumenical_altar,
          minmay_tripent
D:2:      layout_basic, basic_altar, corexii_hall_statues_l, minmay_pentomino_s4
D:3:      layout_basic, serial_curves, eino_curves_04, eino_curves_02
D:4:      layout_basic, tso_altar, minmay_close_crescents
D:5:      layout_basic, lemuel_doored_altar, nicolae_overflow_hidden_temple,
          temple_hall, minmay_misc_feat_more_columns, uniq_sigmund
Temple:   hellmonk_temple_of_storms

Skill      XL: |  1  2  3  4  5  6  7 |
---------------+----------------------+-----
Stealth        | 1 2 3 4 5 |  5.9
Dodging        | 4 |  4.7
Short Blades   | 5 6 7 8 |  8.5
Armour         | 1 2 |  2.4
Fighting       | 4 |  4.4
Invocations    | |  0.4

Action                     |  1- 3 |  4- 6 |  7- 9 || total
---------------------------+-------+-------+-------++-------
  Melee: Short sword       |    87 |   144 |       ||   231
         Punch             |     2 |       |     1 ||     3
         Dagger            |       |    65 |    94 ||   159
  Throw: Dart              |       |     1 |       ||     1
    Use: Potion            |       |       |     3 ||     3
   Stab: Sleeping          |    12 |    15 |     3 ||    30
         Distracted        |       |       |     1 ||     1
 Armour: Robe              |    14 |       |       ||    14
         Leather armour    |    11 |    56 |    23 ||    90
  Dodge: Dodged            |    57 |   104 |    42 ||   203
